Match 47429287
Unlisted

Match 47429287
End
Construct Weapon Support Center
Construct Barracks
Selects Advanced Infantry Battlegroup
M1 Mortar Team
Riflemen Squad
Riflemen Squad
Grenade Package
1⁄4-ton 4x4 Truck
Construct Medical Station
Riflemen Squad
Selects Convert to Ranger Squad
Infantry Support Center
Construct Motor Pool
Selects Frontline Medical Station
M1 Anti-tank Gun Team
Frontline Medical Station
Selects Ammunition Storage
Munitions Surplus
Advanced Logistics
Convert to Ranger Squad
Engineer Squad
Selects Ranger Weapon Training
Survival Training
Frontline Medical Station
Selects M2A1 105mm Howitzer Emplacement
Convert to Ranger Squad
Construct Weapon Support Center
Selects Free Fire Drills
Improved M9 Bazooka Rockets
Scout Squad
Frontline Medical Station
Construct Tank Depot
.30 cal Machine Gun
Convert to Ranger Squad
Sabersama
【POW】游骑
Misumi Uika
风峣
STRIKE_IIVI ➽
Mr.Faraam
(KCC)MGfirst
찐ENDEX
0
0

Comments sign in to comment!

No comments posted yet!